 Dungeon Crawl Stone Soup version 0.18.1-8-gdd0e5ea (webtiles) character file.

42 epen the Insei (level 3, 0/26 HPs)
             Began as a Demonspawn Transmuter on May 21, 2016.
             Slain by a gnoll (6 damage)
             ... on level 2 of the Dungeon.
             The game lasted 00:02:08 (1398 turns).

epen the Insei (Demonspawn Transmuter)              Turns: 1398, Time: 00:02:09

Health: 0/26       AC:  2    Str: 10    XL:     3   Next: 35%
Magic:  1/6        EV: 12    Int: 15    God:
Gold:   36         SH:  0    Dex: 13    Spells: 2 memorised, 3 levels left

rFire  . . .     SeeInvis .       - Unarmed
rCold  . . .     Gourm    .     b - +0 robe
rNeg   . . .     Faith    .     (no shield)
rPois  .         Spirit   .     (helmet restricted)
rElec  .         Dismiss  .     (no cloak)
rCorr  .         Reflect  .     (no gloves)
SustAt .         Harm     .     (no boots)
MR     .....                    (no amulet)
Stlth  +.........               (no ring)
                                (no ring)

@: not resistant to hostile enchantments, very unstealthy
A: antennae 2
a: no special abilities


You were on level 2 of the Dungeon.
You were not hungry.

You visited 1 branch of the dungeon, and saw 2 of its levels.

You collected 36 gold pieces.

Inventory:

Missiles
 a - 5 arrows
Armour
 b - a +0 robe (worn)
Scrolls
 e - a scroll of magic mapping {unknown}
 h - 2 scrolls of identify {unknown}
 i - a scroll of amnesia {unknown}
Potions
 g - a potion of magic {unknown}
 k - a potion of berserk rage {unknown}
Books
 c - a book of Changes

   Spells                             Type                      Level
   a - Beastly Appendage              Transmutation                1
   b - Sticks to Snakes               Transmutation                2
   c - Spider Form                    Transmutation/Poison         3
   d - Ice Form                       Ice/Transmutation            4
   e - Blade Hands                    Transmutation                5
Comestibles
 d - 3 bread rations
 f - a slice of pizza
 j - a meat ration


   Skills:
 + Level 1.4 Fighting
 + Level 2.1 Dodging
 * Level 3.0 Unarmed Combat
 + Level 2.2 Spellcasting
 * Level 2.5 Transmutations


You had 3 spell levels left.
You knew the following spells:

 Your Spells              Type           Power        Failure   Level  Hunger
a - Beastly Appendage     Trmt           #.....       10%         1    #......
b - Sticks to Snakes      Trmt           #.......     12%         2    ###....


Dungeon Overview and Level Annotations

Branches:
Dungeon (2/15)

Altars:


Innate Abilities, Weirdness & Mutations

You have a pair of antennae on your head.


Message History

The orc throws a stone.
The stone misses you.
You hit the orc.
The orc is severely wounded.
Your ball python bites the orc.
The orc dies!
Your Unarmed Combat skill increases to level 3!
You start resting.
You sense a monster nearby.
You start resting.
The gnoll throws a stone.
The stone completely misses you.
Your ball python withers and dies!
You completely miss the gnoll. Your punch misses the gnoll. The gnoll hits you.
You closely miss the gnoll. The gnoll closely misses you.
Casting: Sticks to Snakes
Confirm with . or Enter, or press ? or * to list all spells.
You create a snake!
You now have 5 arrows.
The gnoll hits you.
* * * LOW HITPOINT WARNING * * *
The gnoll barely misses you.
You hit the gnoll but do no damage. The gnoll hits you.
You die...

##...## #....... ##+#
####.### #.# #.# # #
##.####### #.# #.#.#.
#...(....# #.#
≈≈ggg≈#####.((####.## #.#
......'.##..(..##...####.#
#.###..(###........# {
#.###@(## #...###### ###
##...gS.# ##### #.#
#.#####.# #.#####.# #.#
#.......# #.# #########
#.# #.# .#


You could see a gnoll and a friendly ball python.

Vanquished Creatures
  A gnoll (D:2)
  An ooze (D:1)
  A bat (D:1)
  5 hobgoblins
  3 jackals (D:1)
  2 giant newts
  3 rats (D:1)
16 creatures vanquished.

Vanquished Creatures (collateral kills)
  A gnoll (D:2)
  A dart slug (D:1)
  An orc (D:2)
  2 hobgoblins (D:1)
  A goblin (D:1)
6 creatures vanquished.

Grand Total: 22 creatures vanquished

Notes
Turn   | Place    | Note
--------------------------------------------------------------
     0 | D:1      | epen the Demonspawn Transmuter began the quest for the Orb.
     0 | D:1      | Reached XP level 1. HP: 15/15 MP: 3/3
    90 | D:1      | Gained mutation: You have a pair of small antennae on your head. [demonic ancestry]
    90 | D:1      | Reached XP level 2. HP: 13/21 MP: 3/5
   350 | D:1      | Learned a level 2 spell: Sticks to Snakes
   632 | D:1      | HP: 1/21 [goblin/club (5)]
  1359 | D:2      | Gained mutation: You have a pair of antennae on your head. [demonic ancestry]
  1359 | D:2      | Reached XP level 3. HP: 22/26 MP: 1/6
  1383 | D:2      | Reached skill level 3 in Unarmed Combat
  1398 | D:2      | Slain by a gnoll

Skill      XL: |  1  2  3 |
---------------+----------+-----
Transmutations | 2 |  2.5
Dodging        | 2 |  2.1
Unarmed Combat | 3 |  3.0
Fighting       | |  1.4
Spellcasting   | |  2.2

Action                   || total
-------------------------++-------
Melee: Unarmed           ||    82
       Kick              ||     8
 Cast: Beastly Appendage ||     3
       Sticks to Snakes  ||     7
 Stab: Distracted        ||     1
  Eat: Chunk             ||     2
Armor: Robe              ||    16
Dodge: Dodged            ||    50
